TOP OF THE 1ST |
Calgary Lynx batting - Pitching for Bloomington Longnecks : LHP Anaías Pedroza
|
Pitching: LHP Anaías Pedroza
|
|
Batting: RHB Jing-sheng Joo
|
0-0: Ball 1-0: Foul Ball, location: 2F 1-1: Called Strike 1-2: Fly out, F8 (Flyball, 89M)
|
Batting: RHB Miguel Rosales
|
0-0: SINGLE (Flyball, 89S)
|
Batting: RHB Hani Azwan
|
0-0: Ball 1-0: Foul Ball, location: 2F 1-1: Ball 2-1: Ball 3-1: Base on Balls Miguel Rosales to second
|
Batting: RHB Gilberto Rodríguez
|
0-0: Ball 1-0: Fly out, F7 (Flyball, 78S)
|
Batting: RHB Luis Delvalle
|
0-0: Ball 1-0: Swinging Strike 1-1: Foul Ball, location: 2F 1-2: Strikes out looking
|
Top of the 1st over - 0 runs, 1 hit, 0 errors, 2 left on base; Calgary 0 - Bloomington 0 |
BOTTOM OF THE 1ST |
Bloomington Longnecks batting - Pitching for Calgary Lynx : RHP Sjoerd Reynoud
|
Pitching: RHP Sjoerd Reynoud
|
|
Batting: RHB Barrett Drury
|
0-0: Ball 1-0: Ball 2-0: Ball 3-0: Called Strike 3-1: Foul Ball, location: 2F 3-2: Ground out U3 (Groundball, 34)
|
Batting: RHB Toussiant L'Ouverture
|
0-0: Called Strike 0-1: Ball 1-1: Foul Ball, location: 2F 1-2: Ball 2-2: Fly out, F8 (Flyball, 78M)
|
Batting: LHB César Gómes
|
0-0: SINGLE (Groundball, 4D)
|
Batting: RHB Miguel Elías
|
0-0: Swinging Strike 0-1: Fly out, F7 (Flyball, 7S)
|
Bottom of the 1st over - 0 runs, 1 hit, 0 errors, 1 left on base; Calgary 0 - Bloomington 0 |
TOP OF THE 2ND |
Calgary Lynx batting - Pitching for Bloomington Longnecks : LHP Anaías Pedroza
|
Batting: RHB Ieyoshi Yamamoto
|
0-0: Called Strike 0-1: Ball 1-1: SOLO HOME RUN (Flyball, 78XD), Distance : 405 ft
|
Batting: RHB Jimmy Fick
|
0-0: Foul Ball, location: 2F 0-1: Ball 1-1: Called Strike 1-2: Foul Ball, location: 2F 1-2: Foul Ball, location: 2F 1-2: Ball 2-2: Ball 3-2: Ground out 6-3 (Groundball, 56)
|
Batting: RHB Cody Jaeckel
|
0-0: Called Strike 0-1: Swinging Strike 0-2: Ball 1-2: Ball 2-2: Ball 3-2: Foul Ball, location: 2F 3-2: Base on Balls
|
Batting: RHB Rubén Medina
|
0-0: Ball 1-0: Ball 2-0: Called Strike 2-1: Foul Ball, location: 2F 2-2: Ball 3-2: Foul Ball, location: 2F 3-2: Strikes out swinging Cody Jaeckel steals 2nd base Batter strikes out.
|
Batting: RHB Jing-sheng Joo
|
0-0: Called Strike 0-1: Called Strike 0-2: Ball 1-2: Ball 2-2: Fly out, F8 (Flyball, 8LXD)
|
Top of the 2nd over - 1 run, 1 hit, 0 errors, 1 left on base; Calgary 1 - Bloomington 0 |
BOTTOM OF THE 2ND |
Bloomington Longnecks batting - Pitching for Calgary Lynx : RHP Sjoerd Reynoud
|
Batting: RHB Rob Gray
|
0-0: Ball 1-0: Ground out 6-3 (Groundball, 56)
|
Batting: LHB Daniel Faraday
|
0-0: Called Strike 0-1: Foul Ball, location: 2F 0-2: Foul Ball, location: 2F 0-2: Ball 1-2: Ball 2-2: Ground out 6-3 (Groundball, 6S)
|
Batting: LHB Abiram Wahine
|
0-0: Foul Ball, location: 2F 0-1: Ball 1-1: Ball 2-1: Foul Ball, location: 2F 2-2: Fly out, F4 (Popup, 4)
|
Bottom of the 2nd over - 0 runs, 0 hits, 0 errors, 0 left on base; Calgary 1 - Bloomington 0 |
TOP OF THE 3RD |
Calgary Lynx batting - Pitching for Bloomington Longnecks : LHP Anaías Pedroza
|
Batting: RHB Miguel Rosales
|
0-0: SINGLE (Line Drive, 9LS)
|
Batting: RHB Hani Azwan
|
0-0: Called Strike Balk! Miguel Rosales to second 0-1: Called Strike 0-2: Ball 1-2: Ball 2-2: Fly out, F8 (Flyball, 8RM)
|
Batting: RHB Gilberto Rodríguez
|
0-0: Ball 1-0: Ball 2-0: Called Strike 2-1: Fly out, F7 (Flyball, 7S)
|
Batting: RHB Luis Delvalle
|
0-0: Called Strike 0-1: Foul Ball, location: 2F 0-2: Ball 1-2: Foul Ball, location: 2F 1-2: Ball 2-2: Ball 3-2: SINGLE (Groundball, 56D) Miguel Rosales to third Miguel Rosales scores
|
Batting: RHB Ieyoshi Yamamoto
|
0-0: Ball 1-0: Called Strike 1-1: Ball 2-1: Ball 3-1: Base on Balls Luis Delvalle to second
|
Batting: RHB Jimmy Fick
|
0-0: Ball 1-0: Ball 2-0: Foul Ball, location: 2F 2-1: Ball 3-1: Base on Balls Luis Delvalle to third Ieyoshi Yamamoto to second
|
Batting: RHB Cody Jaeckel
|
0-0: Foul Ball, location: 2F 0-1: Swinging Strike 0-2: Ball 1-2: Foul Ball, location: 2F 1-2: Fly out, F5 (Popup, 56)
|
Top of the 3rd over - 1 run, 2 hits, 0 errors, 3 left on base; Calgary 2 - Bloomington 0 |
BOTTOM OF THE 3RD |
Bloomington Longnecks batting - Pitching for Calgary Lynx : RHP Sjoerd Reynoud
|
Batting: RHB Mike Mays
|
0-0: Fly out, F8 (Flyball, 8LS)
|
Batting: LHB Keith Alexander
|
0-0: Ball 1-0: SINGLE (Groundball, 34D)
|
Batting: RHB Barrett Drury
|
0-0: Foul Ball, location: 2F 0-1: Grounds into double play, 4-6-3 (Groundball, 4)
|
Bottom of the 3rd over - 0 runs, 1 hit, 0 errors, 0 left on base; Calgary 2 - Bloomington 0 |
TOP OF THE 4TH |
Calgary Lynx batting - Pitching for Bloomington Longnecks : LHP Anaías Pedroza
|
Batting: RHB Rubén Medina
|
0-0: Called Strike 0-1: Called Strike 0-2: Ball 1-2: Foul Ball, location: 2F 1-2: Foul Ball, location: 2F 1-2: Ball 2-2: Strikes out swinging
|
Batting: RHB Jing-sheng Joo
|
0-0: Foul Ball, location: 2F 0-1: Swinging Strike 0-2: Ball 1-2: Ball 2-2: Ground out 6-3 (Groundball, 6)
|
Batting: RHB Miguel Rosales
|
0-0: Ball 1-0: Called Strike 1-1: Ball 2-1: Swinging Strike 2-2: Ball 3-2: Foul Ball, location: 2F 3-2: Ground out 6-3 (Groundball, 6)
|
Top of the 4th over - 0 runs, 0 hits, 0 errors, 0 left on base; Calgary 2 - Bloomington 0 |
BOTTOM OF THE 4TH |
Bloomington Longnecks batting - Pitching for Calgary Lynx : RHP Sjoerd Reynoud
|
Batting: RHB Toussiant L'Ouverture
|
0-0: Ball 1-0: Reached on error, E5 (Groundball, 56S)
|
Batting: LHB César Gómes
|
0-0: Ball 1-0: SINGLE (Flyball, 8RS) Toussiant L'Ouverture to second
|
Batting: RHB Miguel Elías
|
0-0: Ball 1-0: Swinging Strike 1-1: Foul Ball, location: 2F 1-2: Ball 2-2: Ball 3-2: Foul Ball, location: 2F 3-2: Foul Ball, location: 2F 3-2: Foul Ball, location: 2F 3-2: Base on Balls Toussiant L'Ouverture to third César Gómes to second
|
Batting: RHB Rob Gray
|
0-0: Ball 1-0: Ball 2-0: Ball 3-0: Called Strike 3-1: Grounds out, U3 (Groundball, 3L) Toussiant L'Ouverture scores César Gómes to third
|
Batting: LHB Daniel Faraday
|
0-0: Ball 1-0: Ball 2-0: Ball 3-0: Called Strike 3-1: Called Strike 3-2: Base on Balls
|
Batting: LHB Abiram Wahine
|
0-0: Called Strike 0-1: Called Strike 0-2: Foul Ball, location: 2F 0-2: Strikes out swinging
|
Batting: RHB Mike Mays
|
0-0: Ball 1-0: Ball 2-0: Ball 3-0: Called Strike 3-1: Called Strike 3-2: Strikes out looking
|
Bottom of the 4th over - 1 run, 1 hit, 1 error, 3 left on base; Calgary 2 - Bloomington 1 |
TOP OF THE 5TH |
Calgary Lynx batting - Pitching for Bloomington Longnecks : LHP Anaías Pedroza
|
Pitching: RHP Roy Gartner
|
|
Batting: RHB Hani Azwan
|
0-0: Ball 1-0: Ball 2-0: Ball 3-0: Called Strike 3-1: Base on Balls
|
Batting: RHB Gilberto Rodríguez
|
0-0: Fly out, F6 (Flyball, 6D)
|
Batting: RHB Luis Delvalle
|
0-0: Swinging Strike 0-1: Foul Ball, location: 2F 0-2: Foul Ball, location: 2F 0-2: Ball 1-2: Grounds into double play, 6-4-3 (Groundball, 6M)
|
Top of the 5th over - 0 runs, 0 hits, 0 errors, 0 left on base; Calgary 2 - Bloomington 1 |
BOTTOM OF THE 5TH |
Bloomington Longnecks batting - Pitching for Calgary Lynx : RHP Sjoerd Reynoud
|
Batting: LHB Keith Alexander
|
0-0: Ball 1-0: Ball 2-0: Ball 3-0: Base on Balls
|
Batting: RHB Barrett Drury
|
0-0: Sac Bunt - play at first, batter OUT! 1-4 Keith Alexander to second
|
Batting: RHB Toussiant L'Ouverture
|
0-0: Foul Ball, location: 2F 0-1: Foul Ball, location: 2F 0-2: Ball 1-2: Ground out 5-3 (Groundball, 5S) Keith Alexander to third
|
Batting: LHB César Gómes
|
0-0: Ball 1-0: SINGLE (Groundball, 34D) Keith Alexander scores
|
Batting: RHB Miguel Elías
|
0-0: Called Strike César Gómes steals 2nd base 0-1: Foul Ball, location: 2F 0-2: Ball 1-2: Ball 2-2: Ball 3-2: Fly out, F8 (Flyball, 8RD)
|
Bottom of the 5th over - 1 run, 1 hit, 0 errors, 1 left on base; Calgary 2 - Bloomington 2 |
TOP OF THE 6TH |
Calgary Lynx batting - Pitching for Bloomington Longnecks : RHP Roy Gartner
|
Batting: RHB Ieyoshi Yamamoto
|
0-0: Ball 1-0: Ball 2-0: Swinging Strike 2-1: Swinging Strike 2-2: Strikes out looking
|
Batting: RHB Jimmy Fick
|
0-0: Called Strike 0-1: Ball 1-1: Ball 2-1: Fly out, F8 (Line Drive, 8LD)
|
Batting: RHB Cody Jaeckel
|
0-0: Ball 1-0: Fly out, F7 (Flyball, 7D)
|
Top of the 6th over - 0 runs, 0 hits, 0 errors, 0 left on base; Calgary 2 - Bloomington 2 |
BOTTOM OF THE 6TH |
Bloomington Longnecks batting - Pitching for Calgary Lynx : RHP Sjoerd Reynoud
|
Batting: RHB Rob Gray
|
0-0: Ground out 6-3 (Groundball, 6)
|
Batting: LHB Daniel Faraday
|
0-0: Ball 1-0: Foul Ball, location: 2F 1-1: Ball 2-1: Foul Ball, location: 2F 2-2: Foul Ball, location: 2F 2-2: Foul Ball, location: 2F 2-2: Foul Ball, location: 2F 2-2: Hit by Pitch
|
Batting: LHB Abiram Wahine
|
0-0: Called Strike 0-1: Ball 1-1: Ball 2-1: Called Strike 2-2: Strikes out swinging
|
Batting: RHB Mike Mays
|
0-0: SINGLE (Groundball, 56D) Daniel Faraday to second
|
Batting: LHB Keith Alexander
|
0-0: Ball 1-0: Ball 2-0: Called Strike 2-1: Called Strike 2-2: SINGLE (Line Drive, 6MD) Daniel Faraday to third Mike Mays to second Runner from 3rd tries for Home, SAFE, no throw
|
Pitching: LHP Adrian Neumann
|
|
Batting: RHB Barrett Drury
|
0-0: Called Strike 0-1: Ground out 5-3 (Groundball, 56)
|
Bottom of the 6th over - 1 run, 2 hits, 0 errors, 2 left on base; Calgary 2 - Bloomington 3 |
TOP OF THE 7TH |
Calgary Lynx batting - Pitching for Bloomington Longnecks : RHP Roy Gartner
|
Batting: RHB Rubén Medina
|
0-0: Called Strike 0-1: Called Strike 0-2: Ball 1-2: Ball 2-2: Foul Ball, location: 2F 2-2: Fly out, F8 (Flyball, 8LXD)
|
Batting: RHB Jing-sheng Joo
|
0-0: SINGLE (Groundball, 6MD)
|
Batting: RHB Miguel Rosales
|
0-0: Grounds into double play, 1-6-3 (Groundball, 13S)
|
Top of the 7th over - 0 runs, 1 hit, 0 errors, 0 left on base; Calgary 2 - Bloomington 3 |
BOTTOM OF THE 7TH |
Bloomington Longnecks batting - Pitching for Calgary Lynx : LHP Adrian Neumann
|
Batting: RHB Toussiant L'Ouverture
|
0-0: Ball 1-0: Called Strike 1-1: Ball 2-1: Called Strike 2-2: Fly out, F9 (Flyball, 9S)
|
Batting: LHB César Gómes
|
0-0: Ball 1-0: Called Strike 1-1: Swinging Strike 1-2: Strikes out swinging
|
Batting: RHB Miguel Elías
|
0-0: Called Strike 0-1: Foul Ball, location: 2F 0-2: Ball 1-2: Strikes out swinging
|
Bottom of the 7th over - 0 runs, 0 hits, 0 errors, 0 left on base; Calgary 2 - Bloomington 3 |
TOP OF THE 8TH |
Calgary Lynx batting - Pitching for Bloomington Longnecks : RHP Roy Gartner
|
Batting: RHB Hani Azwan
|
0-0: Swinging Strike 0-1: Ball 1-1: Called Strike 1-2: Foul Ball, location: 2F 1-2: Foul Ball, location: 2F 1-2: Foul Ball, location: 2F 1-2: Strikes out swinging
|
Batting: RHB Gilberto Rodríguez
|
0-0: Ball 1-0: Ball 2-0: Called Strike 2-1: Foul Ball, location: 2F 2-2: Ball 3-2: Ground out 6-3 (Groundball, 6)
|
Batting: RHB Luis Delvalle
|
0-0: Ball 1-0: Ball 2-0: SINGLE (Line Drive, 7S)
|
Pitching: RHP Vicente Escamilla
|
|
Pinch Runner at 1st Bennett Whitford:
|
|
Batting: RHB Ieyoshi Yamamoto
|
0-0: Ball 1-0: SINGLE (Line Drive, 7S) Bennett Whitford to second
|
Batting: RHB Jimmy Fick
|
0-0: Ball 1-0: Ball 2-0: Called Strike 2-1: Ball 3-1: Foul Ball, location: 2F 3-2: Strikes out swinging
|
Top of the 8th over - 0 runs, 2 hits, 0 errors, 2 left on base; Calgary 2 - Bloomington 3 |
BOTTOM OF THE 8TH |
Bloomington Longnecks batting - Pitching for Calgary Lynx : LHP Adrian Neumann
|
Now at 1B: Francisco Santos
|
|
Batting: RHB Rob Gray
|
0-0: Ground out 1-3 (Groundball, 13S)
|
Batting: LHB Daniel Faraday
|
0-0: Called Strike 0-1: Foul Ball, location: 2F 0-2: Strikes out swinging
|
Batting: LHB Abiram Wahine
|
0-0: Ball 1-0: Ball 2-0: Ground out 4-3 (Groundball, 4)
|
Bottom of the 8th over - 0 runs, 0 hits, 0 errors, 0 left on base; Calgary 2 - Bloomington 3 |
TOP OF THE 9TH |
Calgary Lynx batting - Pitching for Bloomington Longnecks : RHP Vicente Escamilla
|
Pitching: RHP Dermot Eridge
|
|
Now in RF: Javier De Jesús
|
|
Batting: RHB Cody Jaeckel
|
0-0: DOUBLE (Line Drive, 78XD)
|
Batting: RHB Rubén Medina
|
0-0: Ground out 5-3 (Groundball, 5L)
|
Batting: RHB Jing-sheng Joo
|
0-0: Ball 1-0: Ball 2-0: Called Strike 2-1: SINGLE (Line Drive, 4MD) Cody Jaeckel to third Runner from 3rd tries for Home, SAFE, no throw
|
Batting: RHB Miguel Rosales
|
0-0: SINGLE (Flyball, 89M) Jing-sheng Joo to second Runner from 2nd tries for 3rd, SAFE, throw made to third
|
Batting: RHB Hani Azwan
|
0-0: Called Strike 0-1: Ball 1-1: Ball 2-1: Ball 3-1: Fly out, F8 (Flyball, 8RD) Runner from 3rd tags up, SCORES, throw made
|
Batting: RHB Gilberto Rodríguez
|
0-0: Ball 1-0: Fly out, F8 (Flyball, 78D)
|
Top of the 9th over - 2 runs, 3 hits, 0 errors, 1 left on base; Calgary 4 - Bloomington 3 |
BOTTOM OF THE 9TH |
Bloomington Longnecks batting - Pitching for Calgary Lynx : LHP Adrian Neumann
|
Now at 3B: Michael Garrett
|
|
Pinch Hitting: RHB Masafumi Ito
|
0-0: Called Strike 0-1: Called Strike 0-2: Ball 1-2: Ball 2-2: Ground out 2-3 (Groundball, 15S)
|
Pinch Hitting: RHB Frank Crocker
|
0-0: Ball 1-0: Called Strike 1-1: Ball 2-1: Fly out, F9 (Line Drive, 89M)
|
Batting: RHB Barrett Drury
|
0-0: Ball 1-0: SINGLE (Line Drive, 89S)
|
Batting: RHB Toussiant L'Ouverture
|
0-0: Ball 1-0: Fly out, F9 (Flyball, 89M)
|
Bottom of the 9th over - 0 runs, 1 hit, 0 errors, 1 left on base; Calgary 4 - Bloomington 3 |
|